 Dungeon Crawl Stone Soup version 0.29-a0-91-gdebf4667c2 (webtiles) character file.

Game seed: 8750416924141048960

755 lordive the Chucker (level 7, 0/66 HPs)
             Began as a Troll Hunter on Feb 7, 2022.
             Was a Follower of Cheibriados.
             Slain by a gnoll (4 damage)
             ... on level 4 of the Dungeon.
             The game lasted 00:05:44 (3576 turns).

lordive the Chucker (Troll Hunter)                  Turns: 3576, Time: 00:05:45

Health: 0/66       AC:  4    Str: 24    XL:     7   Next: 49%
Magic:  7/7        EV: 10    Int: 12    God:    Cheibriados [*.....]
Gold:   155        SH:  0    Dex: 13    Spells: 6/6 levels left

rFire   . . .      SeeInvis .     - Unarmed
rCold   . . .      Faith    .   (no shield)
rNeg    . . .      Spirit   .   b - +0 robe
rPois   .          Reflect  .   (helmet restricted)
rElec   .          Harm     .   (no cloak)
rCorr   .          Rampage  .   (gloves unavailable)
Will    .....                   (boots unavailable)
Stlth   ++........              (no amulet)
HPRegen 1.01/turn               (no ring)
MPRegen 0.10/turn               (no ring)

@: very slow
A: large, unfitting armour, claws 3, regeneration 1, shaggy fur 1, tough skin 1
a: Renounce Religion, Bend Time


You were on level 4 of the Dungeon.
You worshipped Cheibriados.
Cheibriados was aware of your devotion.
You visited 2 branches of the dungeon, and saw 6 of its levels.

You collected 155 gold pieces.

Inventory:

Missiles
 c - 8 large rocks (quivered)
 d - 2 throwing nets
Armour
 b - a +0 robe (worn)
Jewellery
 g - a +4 ring of evasion
 m - a ring of ice
Wands
 o - a wand of polymorph (2)
Scrolls
 a - 2 scrolls of enchant weapon {unknown}
 f - a scroll of enchant armour {unknown}
 j - 5 scrolls of identify {unknown}
 l - a scroll of fog {unknown}
 p - 2 scrolls of blinking {unknown}
Potions
 h - a potion of curing
 i - a potion of magic {unknown}
 k - 2 potions of might {unknown}


   Skills:
 * Level 2.9 Fighting
 * Level 4.8 Throwing
 * Level 2.1 Armour
 * Level 3.3 Dodging
 + Level 1.0 Stealth
 + Level 3.5 Unarmed Combat
 * Level 2.3 Invocations


You had 6 spell levels left.
You didn't know any spells.
Your spell library contained the following spells:

 Spells                   Type           Power      Damage    Failure   Level
 Summon Guardian Golem    Hex/Summ       0%         N/A       69%         3
 Animate Armour           Summ/Erth      0%         N/A       97%         4
 Blade Hands              Tmut           0%         N/A       100%        5
 Iron Shot                Conj/Erth      0%         9d1       100%        6
 Orb of Destruction       Conj           0%         9d5       100%        7
 Spellforged Servitor     Conj/Summ      0%         N/A       100%        7


Dungeon Overview and Level Annotations

Branches:
Dungeon (5/15)             Temple (1/1) D:4

Altars:
Cheibriados
Elyvilon
Fedhas
Gozag
Makhleb
Qazlal
Ru
Sif Muna
Trog
Uskayaw
Vehumet
Wu Jian
Yredelemnul
Zin
The Shining One


Innate Abilities, Weirdness & Mutations

You are too large for most types of armour.
You have claws for hands.
Your natural rate of healing is unusually fast.
You are covered in fur. (AC +1)
You have tough skin. (AC +1)


Message History

The gnoll is lightly wounded.
The lemure shouts!
The gnoll hits you with a +0 whip. x2; The gnoll barely misses you.
You barely miss the gnoll.
The gnoll is lightly wounded.
The gnoll barely misses you. The gnoll closely misses you.
The gnoll hits you with a +0 club. x2
Unknown command.
You completely miss the gnoll.
The gnoll is lightly wounded.
The gnoll hits you with a +0 whip. The gnoll barely misses you.
The gnoll hits you with a +0 club. x2
You claw the gnoll!
The gnoll is severely wounded.
A centaur zombie comes into view.
The gnoll hits you with a +0 whip! The gnoll hits you with a +0 whip.
The gnoll hits you with a +0 club. x2
* * * LOW HITPOINT WARNING * * *
You are too injured to fight recklessly!
Unknown command.
The gnoll closely misses you. The gnoll hits you with a +0 whip.
* * * LOW HITPOINT WARNING * * *
There is a stone staircase leading up here.
The gnoll hits you but does no damage.
You climb upwards.
There is a stone staircase leading down here.
Unknown command.
Unknown command.
You claw the gnoll!
The gnoll is heavily wounded.
The gnoll hits you with a +0 club.
* * * LOW HITPOINT WARNING * * *
The gnoll hits you with a +0 whip!
* * * LOW HITPOINT WARNING * * *
Unknown command.
You feel better. The gnoll hits you with a +0 club.
* * * LOW HITPOINT WARNING * * *
The gnoll hits you with a +0 whip.
You die...

##################
#.................
#..###.###########
#......###########
###@................
#.gg..............#.
#.........##.##...#.
#.................##
#.........##....#...
###.##....##...##.##
#...............##
#..........####.##
#.....#...........


You could see 2 gnolls.

Vanquished Creatures
  Sigmund (D:2)
  A necrophage (D:4)
  A centaur (D:4)
  A bullfrog skeleton (D:4)
  A hound (D:4)
  An orc priest (D:4)
  Jessica (D:3)
  Ijyb (D:3)
  Terence (D:2)
  An iguana (D:4)
  An orc wizard (D:4)
  A hound skeleton (D:4)
  A howler monkey zombie (D:4)
  Robin (D:3)
  3 gnolls (D:3)
  4 adders
  2 worms (D:4)
  3 dart slugs
  8 orcs
  8 ball pythons
  6 bats
  6 endoplasms
  3 giant cockroaches
  12 goblins
  12 hobgoblins
  9 jackals (D:1)
  11 kobolds
  3 quokkas
  6 frilled lizards
  3 rats
113 creatures vanquished.

Vanquished Creatures (others)
  An orc wizard (D:4)
1 creature vanquished.

Grand Total: 114 creatures vanquished

Notes
Turn   | Place    | Note
-------+----------+-------------------------------------------
     0 | D:1      | lordive the Troll Hunter began the quest for the Orb.
     0 | D:1      | Reached XP level 1. HP: 19/19 MP: 0/0
   134 | D:1      | Reached XP level 2. HP: 27/27 MP: 1/1
   186 | D:1      | Reached skill level 4 in Throwing
   476 | D:1      | Reached XP level 3. HP: 29/35 MP: 2/2
   793 | D:2      | Noticed Terence
   805 | D:2      | Killed Terence
   806 | D:2      | Reached skill level 1 in Unarmed Combat
   806 | D:2      | Reached XP level 4. HP: 21/42 MP: 3/3
   851 | D:2      | Noticed Sigmund
   865 | D:2      | HP: 2/42 [Sigmund/puff of flame (11)]
   867 | D:2      | Killed Sigmund
   868 | D:2      | Reached skill level 1 in Armour
   868 | D:2      | Reached skill level 1 in Invocations
   868 | D:2      | Reached XP level 5. HP: 5/49 MP: 3/5
  1518 | D:2      | Reached XP level 6. HP: 54/57 MP: 6/6
  1730 | D:3      | Noticed Robin
  1758 | D:3      | Killed Robin
  1857 | D:3      | Noticed Jessica
  1875 | D:3      | Killed Jessica
  2278 | D:3      | Found a hide-covered altar of Uskayaw.
  2278 | D:3      | Noticed Ijyb
  2291 | D:3      | Killed Ijyb
  2511 | D:4      | Found a staircase to the Ecumenical Temple.
  2537 | Temple   | Entered the Ecumenical Temple
  2554 | Temple   | Became a worshipper of Cheibriados the Contemplative
  2955 | D:4      | Reached XP level 7. HP: 37/66 MP: 7/7
  3071 | D:4      | Reached * piety under Cheibriados
  3099 | D:4      | Reached skill level 1 in Stealth
  3561 | D:5      | Entered Level 5 of the Dungeon
  3575 | D:4      | HP: 2/66 [gnoll (8)]
  3576 | D:4      | Slain by a gnoll

Illustrated notes

Levels and vault maps discovered:
D:1:      minmay_arrival_four_houses, layout_loops_ring, supply_closet_lemuel,
          chequers_serial_rivers_micro_a
D:2:      minmay_spotlight, layout_basic, serial_park_tiny_1, uniq_terence,
          uniq_sigmund
D:3:      layout_basic, eat_drink_and_be_merry_uskayaw, uniq_jessica, uniq_ijyb,
          uniq_robin
D:4:      layout_basic, minmay_temple_entry_waves, cheibrodos_sewer_entry_bend
D:5:      layout_layer_cave, nicolae_overflow_crystal_walls,
          minmay_misc_feat_room, uniq_pikel, uniq_eustachio, uniq_prince_ribbit1
Temple:   eino_temple_water

Skill      XL: |  1  2  3  4  5  6  7 |
---------------+----------------------+-----
Throwing       | 4 |  4.8
Dodging        | 2 3 |  3.3
Unarmed Combat | 1 2 3 |  3.5
Fighting       | 2 |  2.9
Armour         | 1 2 |  2.1
Invocations    | 1 2 |  2.3
Stealth        | 1 |  1.0

Action                   |  1- 3 |  4- 6 |  7- 9 || total
-------------------------+-------+-------+-------++-------
Melee: Unarmed           |    99 |   181 |    86 ||   366
       Short sword       |     6 |       |       ||     6
       Punch             |     2 |     4 |     2 ||     8
Throw: Large rock        |       |     3 |     1 ||     4
  Use: Potion            |       |       |     6 ||     6
 Stab: Sleeping          |     1 |     2 |     1 ||     4
       Invisible         |       |       |     4 ||     4
Armor: Robe              |    25 |    61 |    32 ||   118
Dodge: Dodged            |    45 |   120 |    85 ||   250

Table legend: (Time is in decaauts)
 A = Elapsed time spent in this place.
 B = Non-inter-level travel time spent in this place.
 C = Inter-level travel time spent in this place.
 D = Time resting spent in this place.
 E = Time spent auto-exploring this place.
 F = Levels seen in this place.
 G = Mean time per level.
                   A        B        C        D        E       F      G
               +--------+--------+--------+--------+--------+-----+--------+
         Total |   3827 |   3697 |    130 |     38 |   2903 |   6 |  637.8 |
       Dungeon |   3558 |   3453 |    105 |     38 |   2671 |   5 |  711.6 |
        Temple |    269 |    245 |     24 |      0 |    232 |   1 |  269.0 |
               +--------+--------+--------+--------+--------+-----+--------+

Top non-repeatable levels by time:
     D:4: 1043 daAuts
     D:3: 933 daAuts
     D:2: 818 daAuts
     D:1: 749 daAuts
  Temple: 269 daAuts
     D:5: 13 daAuts
